 Dungeon Crawl Stone Soup version 0.20-a0-795-ga03948b (webtiles) character file.

25 Gorice the Sneak (level 3, 0/20 HPs)
             Began as a Kobold Enchanter on Mar 1, 2017.
             Slain by a jackal (2 damage)
             ... on level 1 of the Dungeon.
             The game lasted 00:05:14 (1574 turns).

Gorice the Sneak (Kobold Enchanter)                 Turns: 1574, Time: 00:05:15

Health: 0/20       AC:  2    Str:  6    XL:     3   Next: 17%
Magic:  1/6        EV: 15    Int: 13    God:
Gold:   34         SH:  0    Dex: 15    Spells: 3/6 levels left

rFire    . . .     SeeInvis .   j - -2 dagger (curse)
rCold    . . .     Gourm    .   b - +0 robe
rNeg     . . .     Faith    .   (shield restricted)
rPois    .         Spirit   .   (no helmet)
rElec    .         Reflect  .   (no cloak)
rCorr    .         Harm     .   (no gloves)
MR       .....                  (no boots)
Stlth    +++.......             (no amulet)
Regen    0.1/turn               (no ring)
MPRegen  0.1/turn               f - -3 ring of intelligence (curse)

@: very slightly contaminated
A: carnivore 3
a: no special abilities


You were on level 1 of the Dungeon.
You were very full.

You visited 1 branch of the dungeon, and saw 1 of its levels.

You collected 34 gold pieces.

Inventory:

Hand Weapons
 a - a +2 dagger
 h - a +0 short sword
 j - a cursed -2 dagger (weapon)
Missiles
 Z - 26 stones (quivered)
Armour
 b - a +0 robe (worn)
 e - a +0 ring mail
 k - a +0 scale mail
Jewellery
 f - a cursed -3 ring of intelligence (left hand)
Scrolls
 g - a scroll of recharging
 i - a scroll of magic mapping {!r}
Books
 c - a book of Maledictions
Comestibles
 d - 2 meat rations {!e}


   Skills:
 + Level 0.4 Fighting
 + Level 2.3 Short Blades
 - Level 2.4 Dodging
 - Level 4.0 Stealth
 - Level 2.1 Spellcasting
 * Level 3.7 Hexes


You had 3 spell levels left.
You knew the following spells:

 Your Spells              Type           Power        Failure   Level  Hunger
a - Corona                Hex            ##.....      8%          1    ##.....
b - Ensorcelled Hibernat  Hex/Ice        #.....       21%         2    ###....


Dungeon Overview and Level Annotations

Branches:
Dungeon (1/15)

Altars:


Innate Abilities, Weirdness & Mutations

You are small and have problems with some larger weapons.
You are carnivorous and can eat meat at any time.


Message History

You shiver with cold.
The jackal barely misses you.
You closely miss the jackal.
The jackal is moderately wounded.
The jackal completely misses you.
You hit the jackal.
The jackal is heavily wounded.
The jackal closely misses you. x2
You completely miss the jackal.
The jackal is heavily wounded.
The jackal bites you.
* * * LOW HITPOINT WARNING * * *
Damage: 1 (max 2)
You hit the jackal but do no damage.
The jackal is heavily wounded.
The jackal barely misses you.
You hit the jackal.
The jackal is severely wounded.
The jackal barely misses you.
You barely miss the jackal.
The jackal is severely wounded.
The jackal misses you. The jackal barely misses you.
You hit the jackal.
You kill the jackal!
You hit the jackal but do no damage. The jackal barely misses you.
You closely miss the jackal. The jackal completely misses you.
The jackal barely misses you.
You completely miss the jackal. The jackal bites you.
* * * LOW HITPOINT WARNING * * *
Damage: 3 (max 3)
You closely miss the jackal. The jackal barely misses you.
You closely miss the jackal. The jackal misses you.
You barely miss the jackal. The jackal barely misses you. The jackal bites you.
* * * LOW HITPOINT WARNING * * *
Damage: 3 (max 3)
You hit the jackal but do no damage. The jackal bites you.
* * * LOW HITPOINT WARNING * * *
Damage: 1 (max 3)
You hit the jackal but do no damage. The jackal closely misses you.
Casting: Ensorcelled Hibernation
Confirm with . or Enter, or press ? or * to list all spells.
Aiming: Ensorcelled Hibernation
Press: ? - help, Shift-Dir - straight line, f - jackal
Aim: a jackal (chance to defeat MR: 55%)
You miscast Ensorcelled Hibernation.
Nothing appears to happen.
The jackal bites you.
* * * LOW HITPOINT WARNING * * *
The jackal barely misses you.
Damage: 1 (max 3)
The jackal bites you.
You die...

### #.# #.# #.# #####.#
#.@hh.# ##### #.###.#
*** #...# #.###†# *,*
#...# ####.....# *,*
#...# #....###.### *,*
#...# #.#........#****,*
####...#
#.#.###.?..#,,,,,*
...+...#
#.#........#,***,*****
..##...#
###.#...(....#,*,,,,,,,,


You could see 2 jackals.

Vanquished Creatures
  A dart slug (D:1)
  A ball python (D:1)
  3 bats (D:1)
  2 goblins (D:1)
  4 hobgoblins (D:1)
  2 jackals (D:1)
  A frilled lizard (D:1)
  2 kobolds (D:1)
  6 rats (D:1)
22 creatures vanquished.

Notes
Turn   | Place    | Note
-------+----------+-------------------------------------------
     0 | D:1      | Gorice the Kobold Enchanter began the quest for the Orb.
     0 | D:1      | Reached XP level 1. HP: 10/10 MP: 3/3
    12 | D:1      | HP: 3/10 [hobgoblin/club (7)]
    15 | D:1      | HP: 1/10 [hobgoblin/club (2)]
   546 | D:1      | Reached XP level 2. HP: 15/15 MP: 1/5
   607 | D:1      | Learned a level 2 spell: Ensorcelled Hibernation
   618 | D:1      | Reached skill level 2 in Short Blades
   683 | D:1      | HP: 2/15 [hobgoblin/club (6)]
   698 | D:1      | HP: 1/15 [bat (1)]
   778 | D:1      | HP: 4/15 [goblin/club (1)]
  1153 | D:1      | HP: 3/15 [hobgoblin/club (4)]
  1408 | D:1      | Reached XP level 3. HP: 20/20 MP: 6/6
  1568 | D:1      | HP: 4/20 [jackal (3)]
  1574 | D:1      | Slain by a jackal

Vault maps used:
D:1:      scummos_arrival_star

Skill      XL: |  1  2 |
---------------+-------+-----
Short Blades   | 2 |  2.3
Fighting       | |  0.4
Dodging        | |  2.4
Stealth        | |  4.0
Spellcasting   | |  2.1
Hexes          | |  3.7

Action                   || total
-------------------------++-------
Melee: Dagger            ||   186
 Cast: Corona            ||    15
       Ensorcelled Hiber ||     6
  Use: Scroll            ||     4
 Stab: Sleeping          ||     8
  Eat: Chunk             ||    11
Armor: Robe              ||    26
       Ring mail         ||     8
Dodge: Dodged            ||   141

Table legend:
 A = Turns spent in this place as a percentage of turns spent in the entire game.
 B = Non-inter-level travel turns spent in this place as a percentage of non-inter-level travel turns spent in the entire game.
 C = Inter-level travel turns spent in this place as a percentage of turns spent in this place.
 D = Turns resting spent in this place as a percentage of non-inter-level travel turns spent in this place.
 E = Turns spent auto-exploring this place as a percentage of non-inter-level travel turns spent in this place.
 F = Non-inter-level travel turns spent in this place divided by the number of levels of this place that you've seen.
                   A       B       C       D       E      F
               +-------+-------+-------+-------+-------+----------------------
         Total | 100.0 | 100.0 |   0.0 |   3.3 |   2.2 | 544.0
       Dungeon | 100.0 | 100.0 |   0.0 |   3.3 |   2.2 | 544.0
               +-------+-------+-------+-------+-------+----------------------

Vault maps used:
D:1:      scummos_arrival_star
